 Dungeon Crawl Stone Soup version 0.31-a0-354-g827e0957a7 (webtiles) character file.

Game seed: 9997483815837215672

28 croobank the Chopper (level 3, -1/33 HPs)
             Began as a Hill Orc Monk on July 23, 2023.
             Slain by a worm (9 damage)
             ... on level 2 of the Dungeon.
             The game lasted 00:01:28 (845 turns).

croobank the Chopper (Hill Orc Monk)                 Turns: 845, Time: 00:01:29

Health: -1/33      AC:  2    Str: 15    XL:     3   Next: 14%
Magic:  3/3        EV: 12    Int: 10    God:
Gold:   72         SH:  0    Dex: 13    Spells: 2/2 levels left

rFire   . . .        a - +0 hand axe
rCold   . . .        (no shield)
rNeg    . . .        b - +0 robe
rPois   .            (no helmet)
rElec   .            (no cloak)
rCorr   .            (no gloves)
SInv    .            (no boots)
Will    .....        (no amulet)
Stlth   +            (no ring)
HPRegen 0.25/turn    (no ring)
MPRegen 0.08/turn

%: no passive effects
@: no status effects
A: no striking features
a: no special abilities


You were on level 2 of the Dungeon.
You visited 1 branch of the dungeon, and saw 2 of its levels.

You collected 72 gold pieces.

Inventory:

Hand Weapons
 a - a +0 hand axe (weapon)
Armour
 b - a +0 robe (worn)
 d - an orb of light
 h - a +0 leather armour
Jewellery
 f - an amulet of regeneration
Scrolls
 e - a scroll of amnesia {unknown}
 i - a scroll of identify {unknown}
 j - a scroll of immolation {unknown}
Potions
 c - a potion of ambrosia
 g - a potion of heal wounds {unknown}
 k - a potion of haste {unknown}


   Skills:
 + Level 4.2 Fighting
 + Level 4.5 Axes
 + Level 2.8 Dodging


You had 2 spell levels left.
You didn't know any spells.
Your spell library contained the following spells:

 Spells                   Type           Power      Damage    Failure   Level
 Ozocubu's Armour         Ice            0%         N/A       75%         3
 Metabolic Englaciation   Hex/Ice        0%         N/A       100%        5
 Simulacrum               Ice/Necr       0%         N/A       100%        6


Dungeon Overview and Level Annotations

Branches:
Dungeon (2/15)

Altars:


Message History

The worm closely misses you.
You closely miss the jackal.
The jackal is lightly wounded.
You barely miss the worm. The jackal barely misses you.
The jackal completely misses you. The worm bites you.
You hit the jackal.
You kill the jackal!
You barely miss the worm. You hit the worm.
The worm is lightly wounded.
The worm barely misses you.
You completely miss the worm.
The worm is lightly wounded.
You hit the endoplasm but do no damage. The endoplasm hits you.
You hit the worm.
The worm is moderately wounded.
You hit the endoplasm. The endoplasm freezes you.
You are frozen.
The worm barely misses you.
You hit the worm.
The worm is heavily wounded.
You hit the endoplasm. The endoplasm closely misses you. The worm bites you.
You hit the worm.
The worm is heavily wounded.
You hit the endoplasm.
You kill the endoplasm!
You hit the worm.
The worm is severely wounded.
The worm bites you!
You are too injured to fight recklessly!
You barely miss the worm.
The worm is severely wounded.
The worm bites you.
* * * LOW HITPOINT WARNING * * *
You hit the worm.
The worm is severely wounded.
You hit the worm.
The worm is almost dead.
The worm bites you!
You die...

#.#.####..### ...######
#.#<......... #.......#
#.#......####
#.......####.#......#
#.........##.......##
#......$#.##......[#
#.......#.##...###.#####
#.....†w#.##............
#......@#.....####.#####
#........>.#.## #.#
#..?....####.# #.#
#.......# #.# #.#
#.......# #.# #.#
#........ ..# #.#
#.......# ### #.#
#########


You could see a worm.

Vanquished Creatures
  A dart slug (D:1)
  4 bats (D:1)
  3 endoplasms
  2 giant cockroaches
  3 goblins (D:1)
  A hobgoblin (D:1)
  3 jackals (D:2)
  A frilled lizard (D:1)
  2 kobolds (D:1)
  4 rats (D:1)
24 creatures vanquished.

Notes
Turn   | Place    | Note
-------+----------+-------------------------------------------
     0 | D:1      | croobank the Hill Orc Monk began the quest for the Orb.
     0 | D:1      | Reached XP level 1. HP: 19/19 MP: 1/1
   182 | D:1      | Reached XP level 2. HP: 19/27 MP: 2/2
   831 | D:2      | Reached XP level 3. HP: 29/33 MP: 3/3
   845 | D:2      | Slain by a worm

Illustrated notes

Levels and vault maps discovered:
D:1:      dpeg_chamrin_arrival_tetris, layout_basic, palyth_stone_intersect,
          eino_curves_02, minmay_statues_item
D:2:      layout_basic, grunt_ministairs_10, minmay_bisected, uniq_natasha,
          uniq_jessica

Skill      XL: |  1  2 |
---------------+-------+-----
Fighting       | 4 |  4.2
Axes           | |  4.5
Dodging        | |  2.8

Action                     || total
---------------------------++-------
  Melee: Hand axe          ||    73
 Armour: Robe              ||    15
  Dodge: Dodged            ||    64

Table legend: (Time is in decaauts)
 A = Elapsed time spent in this place.
 B = Non-inter-level travel time spent in this place.
 C = Inter-level travel time spent in this place.
 D = Time resting spent in this place.
 E = Time spent auto-exploring this place.
 F = Levels seen in this place.
 G = Mean time per level.
                   A        B        C        D        E       F      G
               +--------+--------+--------+--------+--------+-----+--------+
         Total |    851 |    828 |     23 |      0 |    666 |   2 |  425.5 |
       Dungeon |    851 |    828 |     23 |      0 |    666 |   2 |  425.5 |
               +--------+--------+--------+--------+--------+-----+--------+

Top non-repeatable levels by time:
     D:1: 776 daAuts
     D:2: 75 daAuts
